 Dungeon Crawl Stone Soup version bcrawl-1.21.3-16-g7f46a08de7 (webtiles) character file.

Game seed: 10884393231733091978

16526 Chiseanne the Fighter (level 12, 0/98 HPs)
             Began as a Mummy Archaeologist on May 3, 2020.
             Was an Initiate of Gozag.
             Killed from afar by an efreet (5 damage)
             ... with a fireball
             ... on level 11 of the Dungeon.
             The game lasted 00:32:46 (12316 turns).

Chiseanne the Fighter (Mummy Archaeologist)        Turns: 12316, Time: 00:32:47

Health: 0/98       AC: 21    Str: 20    XL:     12   Next: 10%
Magic:  12/12      EV: 10    Int: 20    God:    Gozag
Gold:   847        SH: 14    Dex:  6    Spells: 11/11 levels left

rFire    . . .     SeeInvis +   a - +7 falchion of Liak {elec, rC+}
rCold    + + .     Gourm    .   t - +7 medium shield of Resonance {rC+}
rNeg     + + +     Faith    .   p - +6 scale mail of the Valley {rPois rCorr Str+5 Dex-5}
rPois    ∞         Spirit   .   h - +0 mask of the Dragon {MR+ Slay+3 SInv}
rElec    +         Reflect  .   G - +2 cloak of the Heavens {rElec rCorr Int+3}
rCorr    +         Harm     .   (no gloves)
MR       ++...     Clarity  +   d - +2 pair of boots
Stlth    ..........             C - amulet of magic regeneration
HPRegen  0.26/turn              m - ring of fire
MPRegen  0.38/turn              c - +1 ring of evasion

@: gold aura
A: no food or potions, fire vulnerability, clarity, cold resistance 1, negative
energy resistance 3, torment resistance, unbreathing
a: Potion Petition, Call Merchant, Bribe Branch, Renounce Religion


You were on level 11 of the Dungeon.
You worshipped Gozag.
Gozag was pleased with you.
You were not hungry.

You visited 2 branches of the dungeon, and saw 12 of its levels.
You also visited: Bailey.

You collected 2486 gold pieces.
You spent 1010 gold pieces at shops.
You paid 629 gold pieces to Gozag.

Inventory:

Hand Weapons
 a - the +7 falchion of Liak (weapon) {elec, rC+}
   (You found it in a bailey)

   Occasionally, upon striking a foe, it will discharge some electrical energy
   and cause terrible harm.
   It protects you from cold.
 q - a +0 blowgun
 s - a +6 scimitar of flaming
 w - a +0 hunting sling
Missiles
 i - 817 arrows
 k - 522 sling bullets
 o - 1950 stones (quivered)
 r - 124 bolts
 x - a throwing net {!f}
 y - 30 needles of frenzy
 B - 148 poisoned needles
 D - 245 tomahawks
 E - 126 javelins of penetration
 F - 12 curare-tipped needles
Armour
 d - a +2 pair of boots (worn)
 h - the +0 mask of the Dragon (worn) {MR+ Slay+3 SInv}
   (You found it on level 4 of the Dungeon)

   It affects your accuracy and damage with ranged weapons and melee attacks
   (+3).
   It affects your resistance to hostile enchantments.
   It lets you see invisible.
 p - the +6 scale mail of the Valley (worn) {rPois rCorr Str+5 Dex-5}
   (You bought it in a shop on level 10 of the Dungeon)

   It affects your strength (+5).
   It affects your dexterity (-5).
   It protects you from poison.
   It provides partial protection from all sources of acid and corrosion.
 t - the +7 medium shield of Resonance (worn) {rC+}
   (You found it in a bailey)

   It protects you from cold.
 u - the +11 chain mail of Exclusion {rC+ MR+ MP+9 Slay-2}
   (You bought it in a shop on level 5 of the Dungeon)

   It affects your accuracy and damage with ranged weapons and melee attacks
   (-2).
   It protects you from cold.
   It affects your resistance to hostile enchantments.
   It affects your magic capacity (+9).
 G - the +2 cloak of the Heavens (worn) {rElec rCorr Int+3}
   (You bought it in a shop on level 10 of the Dungeon)

   It affects your intelligence (+3).
   It insulates you from electricity.
   It provides partial protection from all sources of acid and corrosion.
Jewellery
 b - an uncursed ring of protection from magic
 c - a +1 ring of evasion (right hand)
 f - the ring "Ophorec" {EV+3 Slay+2}
   (You acquired it on level 2 of the Dungeon)

   [ring of evasion]

   It affects your evasion (+3).
   It affects your accuracy and damage with ranged weapons and melee attacks
   (+2).
 m - a ring of fire (left hand)
 C - an amulet of magic regeneration (around neck)
Wands
 l - a wand of flame (22)
 z - a wand of digging (12)
Scrolls
 e - 3 scrolls of magic mapping
 g - 4 scrolls of remove curse
 j - a scroll of enchant armour
 n - 4 scrolls of identify


   Skills:
 * Level 10.5 Fighting
 * Level 5.1 Long Blades
   Level 5.0 Maces & Flails
 * Level 8.6 Armour
 * Level 9.2 Dodging
 - Level 2.6 Stealth


You had 11 spell levels left.
You didn't know any spells.
Your spell library contained the following spells:

 Spells                   Type           Power        Failure   Level  Hunger
 Summon Small Mammal      Summ           #...         97%         1    N/A
 Call Imp                 Summ           #.....       99%         2    N/A
 Call Canine Familiar     Summ           #.......     100%        3    N/A
 Summon Ice Beast         Ice/Summ       #.......     100%        4    N/A
 Summon Lightning Spire   Summ/Air       #.......     100%        5    N/A

Dungeon Overview and Level Annotations

Branches:
Dungeon (11/12)            Temple (1/1) D:4            Lair (0/6) D:8
    Orc (0/1) D:10
 Vaults: D:11-12

Altars:
Ashenzari
Cheibriados
Elyvilon
Gozag
Hepliaklqana
Lugonu
Qazlal
Ru
Trog
Xom
Zin
The Shining One

Shops:
D:5 [   D:6 :   D:8 [   D:10 [

Annotations:
D:11 Fannar


Innate Abilities, Weirdness & Mutations

You do not eat or drink.
Your flesh is vulnerable to fire.
You are immune to poison.
You possess an exceptional clarity of mind.
Your flesh is cold resistant. (rC+)
You are immune to negative energy. (rN+++)
You are immune to unholy pain and torment.
You can survive without breathing.


Message History

You slash the howler monkey!
Lightning courses through the howler monkey!
The howler monkey is almost dead.
Fannar closely misses you. The howler monkey barely misses you.
You hit the howler monkey.
You kill the howler monkey!
You see here 16 gold pieces.
Two slime creatures merge to form a large slime creature.
An efreet comes into view.
It is wielding a +4 scimitar of flaming.
The efreet gestures at you.
The fireball explodes!
The fireball engulfs you!
* * * LOW HITPOINT WARNING * * *
A tengu conjurer comes into view.
You hear an angry growl.
You hear a howl!
You hear a shout! x3
A black bear comes into view.
The black bear growls angrily.
The efreet gestures at you.
The fireball explodes!
The fireball engulfs you.
You die...
Your body crumbles into a pile of gold.

.. .# .# ####### .#
......####### .#
............# ###.#
#####.#####.###.#.#
#...Q..○R...@.#
#######h###.### #.#
#.# #.# #Y# #.# #$#
# #.###J###$#


#yy.ReY..Y# ########### You could see Fannar, a rakshasa, a large slime
creature, an efreet, a black bear and an ice beast.

Vanquished Creatures
  2 two-headed ogres
  Urug (D:10)
  A deep elf knight (D:10)
  Sonja (D:10)
  An unseen horror (D:11)
  A wolf spider (D:8)
  2 ugly things (D:10)
  2 deep elf magi
  2 centaur zombies (D:10)
  An efreet (D:10)
  2 trolls
  2 slime creatures (D:11)
  2 hippogriffs
  14 yaks
  2 wyverns
  A fire bat (Bailey)
  A hungry ghost (D:10)
  A basilisk (shapeshifter) (D:10)
  A naga (Bailey)
  2 crocodiles
  3 water moccasins
  11 orc warriors
  4 ice beasts
  A hornet zombie (D:8)
  3 phantoms
  A black bear (D:8)
  3 ogres
  10 centaurs
  5 big kobolds
  4 bullfrogs
  2 scorpions
  5 killer bees (D:11)
  6 howler monkeys
  5 crimson imps
  4 hounds
  A bullfrog skeleton (D:5)
  A quasit (D:6)
  7 orc priests
  4 jellies
  4 orc wizards
  Crazy Yiuf (D:3)
  2 centaur skeletons (D:8)
  Ijyb (D:4)
  Natasha (twice) (D:3)
  An iguana (D:5)
  5 worker ants
  A hound zombie (D:4)
  A hound skeleton (D:4)
  Robin (D:2)
  A gnoll (D:1)
  2 worker ant zombies
  8 adders
  3 oozes
  An adder skeleton (D:4)
  5 worms
  3 dart slugs
  3 leopard geckos
  45 orcs
  4 giant cockroaches
  15 goblins
  14 hobgoblins
  14 jackals
  15 kobolds
  3 quokkas
  A ball python (D:1)
  8 bats
  8 frilled lizards
  2 jackal skeletons
  A quokka skeleton (D:3)
  6 rats
303 creatures vanquished.

Vanquished Creatures (others)
  A killer bee (D:11)
  A worker ant (D:10)
  A goblin (D:1)
3 creatures vanquished.

Grand Total: 306 creatures vanquished

Notes
Turn   | Place    | Note
-------+----------+-------------------------------------------
     0 | D:1      | Chiseanne the Mummy Archaeologist began the quest for the
                  | Orb.
     0 | D:1      | Reached XP level 1. HP: 15/15 MP: 1/1
   486 | D:1      | Reached XP level 2. HP: 20/21 MP: 2/2
   897 | D:1      | Reached skill level 2 in Fighting
  1095 | D:1      | Reached XP level 3. HP: 27/27 MP: 3/3
  1446 | D:2      | Noticed Robin
  1491 | D:2      | Reached skill level 1 in Armour
  1703 | D:2      | Killed Robin
  1718 | D:2      | Reached XP level 4. HP: 20/34 MP: 4/4
  1875 | D:2      | Found a shimmering altar of Xom.
  2279 | D:2      | Noticed a phantom
  2336 | D:2      | Killed a phantom
  2336 | D:2      | Reached skill level 3 in Fighting
  2336 | D:2      | Reached XP level 5. HP: 18/41 MP: 5/5
  2336 | D:2      | Identified a scroll of acquirement
  2494 | D:2      | Identified the ring "Ophorec" {EV+3 Slay+2} (You acquired
                  | it on level 2 of the Dungeon)
  2857 | D:3      | Found a faded altar of an unknown god.
  2899 | D:3      | Found a runed door.
  2959 | D:3      | Noticed an ogre
  2967 | D:3      | Killed an ogre
  2967 | D:3      | Reached XP level 6. HP: 48/48 MP: 6/6
  3143 | D:3      | Found a glowing silver altar of Zin.
  3212 | D:3      | Noticed Natasha
  3222 | D:3      | Killed Natasha
  3297 | D:3      | Noticed Natasha
  3299 | D:3      | Killed Natasha
  3304 | D:3      | Reached skill level 4 in Fighting
  3398 | D:3      | Noticed Crazy Yiuf
  3403 | D:3      | Killed Crazy Yiuf
  3764 | D:4      | Reached XP level 7. HP: 55/55 MP: 7/7
  3769 | D:4      | Found the +0 mask of the Dragon {MR+ Slay+3 SInv}
  3834 | D:4      | Noticed Ijyb
  3848 | D:4      | Killed Ijyb
  3982 | D:4      | Found a staircase to the Ecumenical Temple.
  4135 | Temple   | Entered the Ecumenical Temple
  4140 | Temple   | Became a worshipper of Gozag Ym Sagoz the Greedy
  4193 | D:4      | Reached skill level 5 in Fighting
  4360 | D:4      | Reached skill level 5 in Dodging
  4471 | D:4      | Found a stormy altar of Qazlal.
  4665 | D:5      | Entered Level 5 of the Dungeon
  4788 | D:5      | Reached XP level 8. HP: 63/63 MP: 8/8
  5111 | D:5      | Found a sacrificial altar of Ru.
  5163 | D:5      | Found an opulent altar of Gozag.
  5441 | D:5      | Found Ciurino's Antique Armour Emporium.
  5449 | D:5      | Bought an embroidered cloak for 217 gold pieces
  5485 | D:5      | Bought a slimy chain mail for 275 gold pieces
  5486 | D:5      | Identified the +11 chain mail of Exclusion {rC+ MR+ MP+9
                  | Slay-2} (You bought it in a shop on level 5 of the Dungeon)
  5644 | D:5      | Reached skill level 1 in Maces & Flails
  5816 | D:6      | Reached skill level 6 in Fighting
  6031 | D:6      | Reached skill level 5 in Armour
  6252 | D:6      | Got an ichor-stained ring mail
  6256 | D:6      | Found Todecs's Book Emporium.
  6308 | D:6      | Reached XP level 9. HP: 38/71 MP: 9/9
  6824 | D:6      | Noticed a two-headed ogre
  6830 | D:6      | Killed a two-headed ogre
  6830 | D:6      | Reached skill level 7 in Fighting
  7207 | D:7      | Found a flagged portal.
  7228 | Bailey   | Entered a bailey
  7472 | Bailey   | Reached XP level 10. HP: 8/80 MP: 10/10
  7896 | Bailey   | Reached skill level 8 in Fighting
  8374 | Bailey   | Got a steaming falchion
  8376 | Bailey   | Got a brightly glowing medium shield
  8589 | D:7      | Identified the +7 falchion of Liak {elec, rC+} (You found
                  | it in a bailey)
  8592 | D:7      | Identified the +7 medium shield of Resonance {rC+} (You
                  | found it in a bailey)
  8605 | D:7      | Identified the cursed +0 ring mail of the Peasants {rElec
                  | rN++ Str-5} (You found it on level 6 of the Dungeon)
  9075 | D:8      | Noticed a wolf spider
  9086 | D:8      | Killed a wolf spider
  9086 | D:8      | Reached skill level 5 in Maces & Flails
  9128 | D:8      | Reached skill level 1 in Long Blades
  9221 | D:8      | Noticed a two-headed ogre
  9229 | D:8      | Killed a two-headed ogre
  9271 | D:8      | Reached skill level 9 in Fighting
  9652 | D:8      | Reached XP level 11. HP: 69/89 MP: 11/11
  9895 | D:8      | Found a staircase to the Lair.
 10538 | D:9      | Noticed a centaur warrior
 10538 | D:9      | Noticed a shadow wraith
 10538 | D:9      | Noticed a deep elf mage
 10547 | D:9      | Noticed a sun demon
 10550 | D:10     | Entered Level 10 of the Dungeon
 10701 | D:10     | Found a staircase to the Orcish Mines.
 10745 | D:10     | Noticed Urug
 10765 | D:10     | Killed Urug
 11128 | D:10     | Noticed a white ugly thing
 11152 | D:10     | Killed a white ugly thing
 11336 | D:10     | Noticed Sonja
 11364 | D:10     | Killed Sonja
 11364 | D:10     | Reached skill level 10 in Fighting
 11380 | D:10     | Noticed a deep elf knight
 11397 | D:10     | Killed a deep elf knight
 11610 | D:10     | Noticed a deep elf mage
 11624 | D:10     | Killed a deep elf mage
 11706 | D:10     | Noticed a cyan ugly thing
 11717 | D:10     | Killed a cyan ugly thing
 11873 | D:10     | Found Hevvasch's Antique Armour Emporium.
 11879 | D:10     | Bought a crude cloak for 266 gold pieces
 11880 | D:10     | Identified the +2 cloak of the Heavens {rElec rCorr Int+3}
                  | (You bought it in a shop on level 10 of the Dungeon)
 11893 | D:10     | Bought a scorched scale mail for 252 gold pieces
 11901 | D:10     | Identified the +6 scale mail of the Valley {rPois rCorr
                  | Str+5 Dex-5} (You bought it in a shop on level 10 of the
                  | Dungeon)
 12259 | D:11     | Noticed a deep elf mage
 12267 | D:11     | Killed a deep elf mage
 12267 | D:11     | Reached XP level 12. HP: 98/98 MP: 12/12
 12274 | D:11     | Noticed a rakshasa
 12284 | D:11     | Noticed Fannar
 12297 | D:11     | Reached skill level 5 in Long Blades
 12316 | D:11     | Killed from afar by an efreet

Skill      XL: |  1  2  3  4  5  6  7  8  9 10 11 12 |
---------------+-------------------------------------+-----
Fighting       | 2 3 4 5 6 7 9 10 | 10.5
Dodging        | 3 4 5 6 7 8 9 |  9.2
Armour         | 1 2 3 4 5 6 7 8 |  8.6
Maces & Flails | 2 4 5 |  5.0
Long Blades    | 2 4 5 |  5.1
Stealth        | |  2.6

Action                   |  1- 3 |  4- 6 |  7- 9 | 10-12 || total
-------------------------+-------+-------+-------+-------++-------
Melee: Whip              |    27 |       |       |       ||    27
       Spear             |   205 |   115 |       |       ||   320
       Flail             |       |    68 |       |       ||    68
       Mace              |       |    40 |   309 |    43 ||   392
       Quarterstaff      |       |       |     6 |    12 ||    18
       Falchion          |       |       |       |   397 ||   397
 Fire: Hunting sling     |       |       |     5 |    48 ||    53
       Blowgun           |       |       |       |    18 ||    18
Throw: Stone             |     2 |     2 |       |    11 ||    15
       Javelin           |       |    35 |    89 |    34 ||   158
Invok: Call Merchant     |       |       |       |     1 ||     1
Evoke: Wand              |       |       |     9 |    42 ||    51
  Use: Scroll            |       |     5 |     5 |    13 ||    23
 Stab: Sleeping          |     4 |     1 |       |       ||     5
       Distracted        |       |     1 |     1 |     1 ||     3
       Confused          |       |       |     1 |     1 ||     2
Armor: Robe              |     9 |       |       |       ||     9
       Ring mail         |    71 |    84 |    50 |       ||   205
       Chain mail        |       |       |   175 |   240 ||   415
       Scale mail        |       |       |       |    41 ||    41
Dodge: Dodged            |   158 |   193 |   335 |   237 ||   923
Block: Medium shield     |       |       |       |   373 ||   373
